 Dungeon Crawl Stone Soup version 0.19.5 (webtiles) character file.

51 vatarom the Gusty (level 3, 0/19 HPs)
             Began as a Tengu Air Elementalist on Mar 8, 2017.
             Succumbed to an adder's poison
             ... on level 2 of the Dungeon.
             The game lasted 00:03:43 (1097 turns).

vatarom the Gusty (Tengu Air Elementalist)          Turns: 1097, Time: 00:03:44

Health: 0/19       AC:  2    Str:  8    XL:     3   Next: 81%
Magic:  5/8        EV: 18    Int: 16    God:
Gold:   38         SH:  0    Dex: 19    Spells: 3 memorised, 2 levels left

rFire  . . .     SeeInvis .     m - +2 short sword (venom)
rCold  . . .     Gourm    .     a - +0 robe
rNeg   . . .     Faith    .     (no shield)
rPois  .         Spirit   .     (helmet restricted)
rElec  .         Reflect  .     (no cloak)
rCorr  .         Harm     .     (no gloves)
MR     .....                    (boots unavailable)
Stlth  +++.......               (no amulet)
                                (no ring)
                                (no ring)

@: agile, lethally poisoned (0 -> -5), very slightly contaminated, invisible
A: beak, talons 3
a: no special abilities


You were on level 2 of the Dungeon.
You were not hungry.

You visited 1 branch of the dungeon, and saw 2 of its levels.

You collected 38 gold pieces.

Inventory:

Hand Weapons
 k - a +0 whip of electrocution
 m - a +2 short sword of venom (weapon)
Armour
 a - a +0 robe (worn)
Scrolls
 g - 2 scrolls of identify
Potions
 e - 2 potions of brilliance
 l - a potion of invisibility
Books
 b - a book of Air

   Spells                             Type                      Level
   a - Shock                          Conjuration/Air              1
   b - Swiftness                      Charms/Air                   2
   c - Repel Missiles                 Charms/Air                   2
   d - Static Discharge               Conjuration/Air              3
   e - Lightning Bolt                 Conjuration/Air              5
Comestibles
 c - a bread ration
 f - 2 chunks of flesh
 i - a meat ration


   Skills:
 - Level 2.1 Dodging
 - Level 2.0 Stealth
 + Level 2.6 Spellcasting
 - Level 1.3 Conjurations
 - Level 5.5 Air Magic


You had 2 spell levels left.
You knew the following spells:

 Your Spells              Type           Power        Failure   Level  Hunger
a - Shock                 Conj/Air       ##..         6%          1    #......
b - Repel Missiles        Chrm/Air       ##....       12%         2    ##.....
c - Swiftness             Chrm/Air       ##......     12%         2    ##.....


Dungeon Overview and Level Annotations

Branches:
Dungeon (2/15)

Altars:
Uskayaw


Innate Abilities, Weirdness & Mutations

You have a beak for a mouth.
You have claws for feet.


Message History

Okay, then.
* * * LOW HITPOINT WARNING * * *
You feel sick.
Found a slice of pizza.
You start eating one of the 2 fruits.
* * * LOW HITPOINT WARNING * * *
You feel sick.
Mmm - a full handful of sultanas!
* * * LOW HITPOINT WARNING * * *
You feel sick.
Okay, then.
You start eating the fruit.
* * * LOW HITPOINT WARNING * * *
You feel sick.
Mmm - a full handful of grapes!
* * * LOW HITPOINT WARNING * * *
You feel sick.
* * * LOW HITPOINT WARNING * * *
You feel sick.
You die...

#####..#.##
#.........##
#.##..._...####
#.##..........#
#.##%#####.##.#
#@##.#...#.##%#
#.#..#(.(#.##.#
#....#####..#.#
####..........#
#.###.####.#
#.##..# #.#
#...... #.####
######.# #<....
.# ######


There were no monsters in sight!

Vanquished Creatures
  An adder (D:2)
  An ooze (D:1)
  A dart slug (D:1)
  A giant cockroach (D:1)
  5 goblins (D:1)
  6 hobgoblins (D:1)
  2 jackals (D:1)
  4 kobolds (D:1)
  3 bats (D:1)
  4 frilled lizards
  8 rats (D:1)
36 creatures vanquished.

Notes
Turn   | Place    | Note
-------+----------+-------------------------------------------
     0 | D:1      | vatarom the Tengu Air Elementalist began the quest for the Orb.
     0 | D:1      | Reached XP level 1. HP: 10/10 MP: 4/4
    38 | D:1      | Reached XP level 2. HP: 13/15 MP: 0/6
   205 | D:1      | Reached skill level 5 in Air Magic
   209 | D:1      | Learned a level 2 spell: Repel Missiles
   545 | D:1      | Reached XP level 3. HP: 19/19 MP: 3/7
   602 | D:1      | Learned a level 2 spell: Swiftness
  1070 | D:2      | Found a hide-covered altar of Uskayaw.
  1070 | D:2      | Noticed a hand axe
  1070 | D:2      | Noticed a dagger
  1097 | D:2      | Succumbed to an adder's poison

Skill      XL: |  1  2 |
---------------+-------+-----
Air Magic      | 5 |  5.5
Dodging        | |  2.1
Stealth        | |  2.0
Spellcasting   | |  2.6
Conjurations   | |  1.3

Action                   || total
-------------------------++-------
Melee: Unarmed           ||     2
       Whip              ||    30
       Kick              ||     5
       Peck              ||     3
       Short sword       ||     2
 Cast: Shock             ||    43
  Use: Scroll            ||     4
       Potion            ||     2
 Stab: Sleeping          ||     1
  Eat: Fruit             ||     2
       Chunk             ||     1
Armor: Robe              ||    16
Dodge: Dodged            ||    63
